 Dungeon Sprint DCSS version 0.28.0-43-g3370ac3207 (webtiles) character file.

Game seed: 226428005336818063

32764 boopmooplesden the Minotaur Blade (level 13, 0/108 HPs)
             Began as a Minotaur Berserker on Mar 22, 2022.
             Was the Champion of Trog.
             Asphyxiated
             ... in the Dungeon (Sprint II: "The Violet Keep of Menkaure").
             The game lasted 00:13:33 (2640 turns).

boopmooplesden the Minotaur Blade (MiBe)            Turns: 2640, Time: 00:13:33

Health: 0/108      AC: 11    Str: 23    XL:     13   Next: 33%
Magic:  8/8        EV: 18    Int:  0    God:    Trog [******]
Gold:   1189       SH:  0    Dex: 12    Spells: 12/12 levels left

rFire   . . .      SeeInvis .   H - +9 great sword of Impeachment {flame, Fly rN+}
rCold   . . .      Faith    .   (shield currently unavailable)
rNeg    + . .      Spirit   .   k - +2 troll leather armour
rPois   .          Reflect  .   (helmet restricted)
rElec   .          Harm     .   j - +2 cloak {Will+}
rCorr   +          Rampage  .   l - +0 pair of gloves
Will    +....      Rage     9%  r - +0 pair of boots
Stlth   ++........ NoTele   +   (no amulet)
HPRegen 0.00/turn               z - ring "Qeaghah" {rCorr Str+3 Dex+3}
MPRegen 0.11/turn               (no ring)

@: lethally poisoned (0 -> -18), untranslocatable, on berserk cooldown, flying,
inhibited regen, slowed, lost intelligence, unable to read, very slow
A: horns 2, retaliatory headbutt, berserk 3, clumsy 2, deformed body,
deterioration 2, dopey 2, frail 3, low MP 3, screaming 2, inhibited
regeneration, weak 2, no potion heal 2, subdued magic 3, inability to read while
threatened, devolution 2
a: Renounce Religion, Berserk, Trog's Hand, Brothers in Arms


You were in the Dungeon.
You worshipped Trog.
Trog was exalted by your worship.
You visited 1 branch You collected 2955 gold pieces.
You spent 1766 gold pieces at shops.

Inventory:

Hand Weapons
 a - a +0 falchion of flaming
 m - a +4 antimagic double sword
 p - the +5 battleaxe "Jellyslayer" {freeze, Stlth+}
   (You found it in the Dungeon)

   It freezes those it strikes, dealing additional cold damage.
   It can also slow down cold-blooded creatures.
   Stlth:     It makes you more stealthy.
 q - the +11 great sword of the Purse {distort, +Blink Int+3 Stlth-}
   (You bought it in a shop in the Dungeon)

   It warps and distorts space around it, and may blink, banish, or inflict
   extra damage upon those it strikes.
   Unwielding it can cause banishment or high damage.
   Int:       It affects your intelligence (+3).
   +Blink:    It lets you blink.
   Stlth:     It makes you less stealthy.
 v - a +0 vorpal triple sword
 x - the +8 great sword of the Past {vamp, Str+2}
   (You bought it in a shop in the Dungeon)

   It occasionally heals its wielder for a portion of the damage dealt when it
   wounds a living foe.
   Str:       It affects your strength (+2).
 A - the +6 scimitar of Reuwuent {vorpal, rN+ rCorr Str-5 Dex+3}
   (Trog gifted it to you in the Dungeon)

   It inflicts extra damage upon your enemies.
   Str:       It affects your strength (-5).
   Dex:       It affects your dexterity (+3).
   rN:        It protects you from negative energy.
   rCorr:     It protects you from acid and corrosion.
 C - the +10 long sword of Qazlal's Reproof {vorpal, rC+}
   (You found it in the Dungeon)

   It inflicts extra damage upon your enemies.
   rC:        It protects you from cold.
 H - the +9 great sword of Impeachment (weapon) {flame, Fly rN+}
   (Trog gifted it to you in the Dungeon)

   It burns those it strikes, dealing additional fire damage.
   Big, fiery blades are also staple armaments of hydra-hunters.
   rN:        It protects you from negative energy.
   Fly:       It grants you flight.
Armour
 b - a +0 animal skin
 j - a +2 cloak of willpower (worn)
 k - a +2 troll leather armour (worn)
 l - a +0 pair of gloves (worn)
 r - a +0 pair of boots (worn)
Jewellery
 u - a ring of magical power
 z - the ring "Qeaghah" (left hand) {rCorr Str+3 Dex+3}
   (You bought it in a shop in the Dungeon)

   [ring of resist corrosion]

   Str:       It affects your strength (+3).
   Dex:       It affects your dexterity (+3).
   rCorr:     It protects you from acid and corrosion.
 B - a +4 ring of slaying
 D - a ring of fire
Scrolls
 h - 3 scrolls of blinking
 n - 4 scrolls of identify
 y - 3 scrolls of acquirement {unknown}
 E - a scroll of torment {unknown}
 G - a scroll of brand weapon
Potions
 c - 3 potions of curing
 d - 2 potions of heal wounds
 e - 4 potions of haste
 f - 14 potions of magic
 g - a potion of berserk rage
 i - 33 potions of mutation {unknown}
 o - a potion of brilliance {unknown}
 s - a potion of resistance
 t - a potion of lignification {unknown}
 w - 6 potions of flight
 F - 2 potions of invisibility {unknown}


   Skills:
 + Level 25.9 Fighting
 + Level 26.3 Long Blades
 + Level 9.4 Armour
 + Level 16.0 Dodging
 + Level 4.8 Stealth


You had 12 spell levels left.
You didn't know any spells.
Your spell library was empty.

Dungeon Overview and Level Annotations

Branches:
Dungeon (1/1)

Altars:
Cheibriados
Dithmenos
Elyvilon
Fedhas
Gozag
Hepliaklqana
Kikubaaqudgha
Makhleb
Nemelex Xobeh
Okawaru
Qazlal
Ru
Sif Muna
Trog
Uskayaw
Vehumet
Wu Jian
Xom
Yredelemnul
Zin
The Shining One
Beogh
Jiyva
Lugonu

Shops:
D *![:*!=:[(=([[!=(?([[!!*=*:=:(:[[

Annotations:
D exclusions: oklob plant and orange crystal statue, Sonja


Innate Abilities, Weirdness & Mutations

You have a pair of horns on your head.
You reflexively headbutt those who attack you in melee.
You have an uncontrollable temper.
You are very clumsy. (Dex -4)
Armour fits poorly on your strangely shaped body.
Your body often deteriorates upon taking damage.
You are very dopey. (Int -4)
You are extremely frail. (-30% HP)
Your magical capacity is extremely low. (-30% MP)
You frequently scream uncontrollably at your foes.
You do not regenerate when monsters are visible.
You are very weak. (Str -4)
Potions cannot restore your health.
Your spells are much easier to cast, but much less powerful.
You sometimes lose the ability to read scrolls when taking damage.
You have terrible hidden genetic defects.


Message History

Trog accepts your kill.
The kobold dissolves into shadows!
Your Dodging skill increases to level 16!
You completely miss Sonja. Your headbutt misses Sonja.
Sonja gestures wildly while chanting.
Sonja blinks!
The purple draconian shifter hits you but does no damage.
The purple draconian shifter breathes dispelling energy at you.
The bolt of dispelling energy misses you.
The purple draconian shifter hits you with a +0 short sword!
* * * LOW HITPOINT WARNING * * *
You miss the purple draconian shifter.
The purple draconian shifter is heavily wounded.
The purple draconian shifter gestures at you while chanting.
You feel firmly anchored in space.
You hit the purple draconian shifter. You burn the purple draconian shifter.
The purple draconian shifter is severely wounded.
The purple draconian shifter breathes dispelling energy at you.
The bolt of dispelling energy misses you.
You slash the purple draconian shifter! You burn the purple draconian shifter.
The purple draconian shifter is almost dead.
The purple draconian shifter completely misses you.
You slash the purple draconian shifter! You burn the purple draconian shifter.
Your headbutt misses the purple draconian shifter.
The purple draconian shifter is almost dead.
The purple draconian shifter casts a spell at you.
You struggle to resist.
You miss the purple draconian shifter.
The purple draconian shifter is almost dead.
The purple draconian shifter misses you.
You slice the purple draconian shifter!!
You burn the purple draconian shifter.
You kill the purple draconian shifter!
Trog accepts your kill.
Trog appreciates your killing of a magic user.
Sonja zaps a wand.
You resist with almost no effort.
Sonja throws a curare-tipped dart.
The curare-tipped dart hits you.
You are lethally poisoned!
You have difficulty breathing.
You die...

*****************************
,,,,+,,,+,,**,,,,,**,,,,,**,*
,,,,*,,,*,**,,*,,,**,,,*,**,*
,,,,*,▓▓▓,**,,**,,**,,**,,*,*
*,,,*,..▓,**,,**,,*,,,**,,,,*
▓▓+▓▓▓▓.▓,*,,,**,,,,,,**,,,,*
+..○▓0..▓,,,,,******▓▓▓▓++▓▓▓#
#...▓▓▓▓▓▓▓▓▓▓*▓▓▓▓▓▓........#
#.°.▓≈≈≈≈≈≈≈≈▓▓▓@.†.▓.''''''.#
*#}°▓▓▓▓▓▓▓▓▓▓▓▓)▓▓.▓.'≈.)≈'.#
,#|○▓[[.(..:(▓▓$K.▓.▓.'≈..≈'.#
,#))▓....))..▓▓.⌠.▓.▓.'§.)≈'.#
.#|)▓........▓▓...▓.▓.'≈..≈'.#
####▓.(..[.[.▓▓...▓.▓.'≈..§'.#
##.#▓.((((.(.▓▓.$.▓§▓.'§.§§'.#
#..#▓:.)..[))▓▓...▓§▓.'≈..≈'.#
#†)#▓.)((.(..▓▓,⌠,▓§▓.▓§..≈▓[#


You could see Sonja.

Vanquished Creatures
  A golden dragon (D)
  A hellephant (D)
  A deep elf blademaster (D)
  2 sphinxes (D)
  A kraken (D)
  Kirke (D)
  A storm dragon (D)
  Roxanne (D)
  A draconian shifter (D)
  A dire elephant (D)
  A fire dragon (D)
  A yaktaur captain (D)
  2 boulder beetles (D)
  A centaur warrior (D)
  A death yak (D)
  A skeletal warrior (D)
  2 sixfirhies (D)
  A glowing orange brain (D)
  2 deep trolls (D)
  An obsidian statue (D)
  A harpy (D)
  2 orc sorcerers (D)
  11 shining eyes (D)
  An elephant (D)
  An eye of devastation (D)
  A yaktaur (D)
  A kobold demonologist (D)
  3 polar bears (D)
  A hornet (D)
  A blink frog (D)
  6 flying skulls (D)
  3 yaks (D)
  2 redbacks (D)
  4 neqoxecs (D)
  Menkaure (D)
  4 water moccasins (D)
  10 floating eyes (D)
  5 necrophages (D)
  3 black bears (D)
  9 electric eels (D)
  A jelly (D)
  An iron imp (D)
  3 worms (D)
  A tentacle (D)
100 creatures vanquished.

Vanquished Creatures (others)
  A water moccasin (D)
  12 tentacles (D)
13 creatures vanquished.

Grand Total: 113 creatures vanquished

Notes
Turn   | Place    | Note
-------+----------+-------------------------------------------
     0 | D        | boopmooplesden the Minotaur Berserker began the quest for
                  | the Orb.
     0 | D        | Reached XP level 1. HP: 19/19 MP: 0/0
     1 | D        | Noticed a necrophage
     1 | D        | Noticed a necrophage
     1 | D        | Noticed a necrophage
     1 | D        | Noticed a necrophage
     4 | D        | Killed a necrophage
     5 | D        | Reached skill level 7 in Long Blades
     5 | D        | Reached XP level 2. HP: 34/34 MP: 1/1
     5 | D        | Reached XP level 3. HP: 39/39 MP: 2/2
     5 | D        | Reached XP level 4. HP: 47/47 MP: 3/3
     6 | D        | Killed a necrophage
     7 | D        | Reached skill level 9 in Long Blades
     7 | D        | Reached XP level 5. HP: 56/56 MP: 4/4
    13 | D        | Killed a necrophage
    13 | D        | Reached ** piety under Trog
    14 | D        | Reached skill level 10 in Long Blades
    14 | D        | Reached skill level 5 in Armour
    14 | D        | Killed a necrophage
    15 | D        | Reached skill level 10 in Fighting
    15 | D        | Reached skill level 11 in Long Blades
    15 | D        | Reached skill level 5 in Dodging
    15 | D        | Reached XP level 6. HP: 67/67 MP: 5/5
    48 | D        | Killed a water moccasin
    71 | D        | Reached *** piety under Trog
   157 | D        | Noticed Menkaure
   160 | D        | Killed Menkaure
   168 | D        | Noticed a boulder beetle
   168 | D        | Noticed a boulder beetle
   171 | D        | Noticed a neqoxec
   171 | D        | Noticed a neqoxec
   171 | D        | Noticed a neqoxec
   171 | D        | Noticed a neqoxec
   178 | D        | Killed a neqoxec
   179 | D        | Reached skill level 12 in Long Blades
   180 | D        | Killed a neqoxec
   180 | D        | Reached **** piety under Trog
   181 | D        | Reached XP level 7. HP: 77/77 MP: 6/6
   183 | D        | Killed a neqoxec
   184 | D        | Reached skill level 13 in Long Blades
   188 | D        | Killed a neqoxec
   197 | D        | Found Hualusua's Distillery.
   197 | D        | Found Basatuco's Assorted Antiques.
   197 | D        | Found Recsehupn's Antique Armour Shop.
   198 | D        | Found Ibbych's Book Shop.
   198 | D        | Found Fyqudud's Magic Scroll Shop.
   198 | D        | Found Daggafai's Antique Weapon Boutique.
   198 | D        | Found Zaoc's Jewellery Shop.
   199 | D        | Found Novaogre's Distillery.
   199 | D        | Found Plog's Armour Boutique.
   199 | D        | Found Qiguzom's Weapon Boutique.
   199 | D        | Found Ytaph's Jewellery Shop.
   199 | D        | Noticed a wyvern
   199 | D        | Noticed a wyvern
   199 | D        | Noticed a wyvern
   211 | D        | Reached skill level 14 in Long Blades
   274 | D        | Noticed a wyvern
   276 | D        | Found Jesoyss's Book Boutique.
   276 | D        | Found Ygaixa's Jewellery Shop.
   276 | D        | Noticed an oklob plant
   297 | D        | Noticed a wyvern
   451 | D        | Noticed a blink frog
   458 | D        | Killed a blink frog
   459 | D        | Reached XP level 8. HP: 75/86 MP: 7/7
   462 | D        | Found Utiamn's Antique Armour Boutique.
   462 | D        | Found Yppyepud's Book Shoppe.
   466 | D        | Noticed a great orb of eyes
   468 | D        | Bought a +2 cloak of willpower for 258 gold pieces
   468 | D        | Bought a +2 troll leather armour for 324 gold pieces
   627 | D        | Bought a pair of gloves for 117 gold pieces
   647 | D        | Noticed an orange crystal statue
   656 | D        | Found an iron altar of Okawaru.
   656 | D        | Found an opulent altar of Gozag.
   657 | D        | Found a sparkling altar of Nemelex Xobeh.
   657 | D        | Found a blossoming altar of Fedhas.
   658 | D        | Found a radiant altar of Vehumet.
   658 | D        | Found a burning altar of Makhleb.
   658 | D        | Found a white marble altar of Elyvilon.
   659 | D        | Found a hide-covered altar of Uskayaw.
   659 | D        | Found a corrupted altar of Lugonu.
   659 | D        | Found a shadowy altar of Dithmenos.
   660 | D        | Found a glowing silver altar of Zin.
   660 | D        | Found a bloodstained altar of Trog.
   660 | D        | Found an ancient bone altar of Kikubaaqudgha.
   661 | D        | Found a basalt altar of Yredelemnul.
   661 | D        | Found a shimmering blue altar of Sif Muna.
   661 | D        | Found a viscous altar of Jiyva.
   662 | D        | Found a shimmering altar of Xom.
   662 | D        | Found a sacrificial altar of Ru.
   663 | D        | Found a glowing golden altar of the Shining One.
   663 | D        | Found an ornate altar of the Wu Jian Council.
   663 | D        | Found a stormy altar of Qazlal.
   663 | D        | Noticed a polar bear
   674 | D        | Killed a polar bear
   675 | D        | Reached skill level 15 in Long Blades
   675 | D        | Noticed a yaktaur
   675 | D        | Noticed a hornet
   675 | D        | Noticed a polar bear
   677 | D        | Noticed a polar bear
   680 | D        | Killed a polar bear
   680 | D        | Reached ***** piety under Trog
   681 | D        | Reached skill level 1 in Stealth
   682 | D        | Killed a hornet
   685 | D        | Killed a yaktaur
   686 | D        | Reached skill level 15 in Fighting
   686 | D        | Reached skill level 16 in Long Blades
   686 | D        | Reached XP level 9. HP: 97/97 MP: 8/8
   688 | D        | Killed a polar bear
   706 | D        | Noticed a kraken
   723 | D        | Reached skill level 17 in Long Blades
   733 | D        | Received a gift from Trog
   914 | D        | Killed a kraken
   915 | D        | Reached skill level 18 in Long Blades
   984 | D        | Found a hazy altar of Hepliaklqana.
   984 | D        | Found a snail-covered altar of Cheibriados.
   992 | D        | Noticed a deep troll
   992 | D        | Noticed a deep troll
  1000 | D        | Killed a deep troll
  1001 | D        | Reached XP level 10. HP: 111/111 MP: 3/9
  1004 | D        | Killed a deep troll
  1103 | D        | Identified the +5 battleaxe "Jellyslayer" {freeze, Stlth+}
  1132 | D        | Killed a boulder beetle
  1133 | D        | Reached skill level 19 in Long Blades
  1139 | D        | Killed a boulder beetle
  1139 | D        | Received a gift from Trog
  1140 | D        | Reached skill level 10 in Dodging
  1165 | D        | Bought a steaming great sword for 264 gold pieces
  1165 | D        | Identified the +11 great sword of the Purse {distort,
                  | +Blink Int+3 Stlth-} (You bought it in a shop in the
                  | Dungeon)
  1197 | D        | Noticed Roxanne
  1200 | D        | Noticed Kirke
  1200 | D        | Noticed a skeletal warrior
  1200 | D        | Noticed a yaktaur captain
  1214 | D        | Killed a skeletal warrior
  1219 | D        | Noticed an elephant
  1219 | D        | Noticed a rust devil
  1219 | D        | Noticed a centaur warrior
  1223 | D        | Killed Kirke
  1224 | D        | Reached skill level 20 in Long Blades
  1229 | D        | Reached XP level 11. HP: 91/123 MP: 10/10
  1237 | D        | Killed a yaktaur captain
  1237 | D        | Reached ****** piety under Trog
  1238 | D        | Killed a centaur warrior
  1239 | D        | Reached skill level 21 in Long Blades
  1239 | D        | Received a gift from Trog
  1282 | D        | Noticed a fire dragon
  1286 | D        | Killed a fire dragon
  1293 | D        | Noticed a death yak
  1300 | D        | Killed a death yak
  1302 | D        | Received a gift from Trog
  1444 | D        | Found Imyorao's Assorted Antiques.
  1444 | D        | Found Pasicamp's Assorted Antiques.
  1444 | D        | Found Hadghoow's Distillery.
  1444 | D        | Found Jyjos's Distillery.
  1444 | D        | Found Utitol's Weapon Boutique.
  1445 | D        | Found Hynleo's Armour Shoppe.
  1445 | D        | Found Lamab's Armour Boutique.
  1445 | D        | Found Nolo's Antique Weapon Emporium.
  1445 | D        | Found Iresu's General Store.
  1445 | D        | Found Sengaok's Distillery.
  1445 | D        | Found Miente's Armour Shop.
  1445 | D        | Found Zozaudgh's Jewellery Shoppe.
  1455 | D        | Bought a fading great sword for 368 gold pieces
  1455 | D        | Identified the +8 great sword of the Past {vamp, Str+2}
                  | (You bought it in a shop in the Dungeon)
  1497 | D        | Killed Roxanne
  1498 | D        | Reached skill level 22 in Long Blades
  1649 | D        | Noticed a storm dragon
  1656 | D        | Killed a storm dragon
  1656 | D        | Received a gift from Trog
  1694 | D        | Found Qaofemm's Armour Boutique.
  1694 | D        | Found Ybaof's Armour Shop.
  1694 | D        | Found Tudibal's Antique Weapon Emporium.
  1694 | D        | Found Mutauffi's Jewellery Boutique.
  1694 | D        | Noticed a golden dragon
  1702 | D        | Killed a golden dragon
  1708 | D        | Bought the ring "Qeaghah" {rCorr Str+3 Dex+3} for 435 gold
                  | pieces
  1846 | D        | Noticed a sphinx
  1847 | D        | Noticed a sphinx
  1850 | D        | Killed a sphinx
  1851 | D        | Reached skill level 23 in Long Blades
  1851 | D        | Reached XP level 12. HP: 139/139 MP: 11/11
  1852 | D        | Killed a sphinx
  1934 | D        | Received a gift from Trog
  1958 | D        | Found Enohy's Book Shoppe.
  1959 | D        | Found Uschuh's Book Boutique.
  2073 | D        | Identified the +6 scimitar of Reuwuent {vorpal, rN+ rCorr
                  | Str-5 Dex+3} (Trog gifted it to you in the Dungeon)
  2073 | D        | Received a gift from Trog
  2082 | D        | Noticed Gastronok
  2084 | D        | Banished Gastronok
  2085 | D        | Reached skill level 24 in Long Blades
  2134 | D        | Noticed a dire elephant
  2139 | D        | Killed a dire elephant
  2143 | D        | Gained mutation: Potions are less effective at restoring
                  | your health. [a neqoxec]
  2164 | D        | Identified the +1 robe of Orthodoxy {-Cast Rampage rF+}
  2169 | D        | Identified the +10 long sword of Qazlal's Reproof {vorpal,
                  | rC+}
  2175 | D        | Identified the +3 ring mail of Kitean {-Cast rPois rF-
                  | rN++}
  2193 | D        | Identified the +4 short sword "Satamoer" {vorpal, rElec
                  | rPois Dex+4}
  2255 | D        | Noticed a deep elf blademaster
  2259 | D        | Received a gift from Trog
  2269 | D        | Killed a deep elf blademaster
  2270 | D        | Reached skill level 25 in Long Blades
  2283 | D        | Received a gift from Trog
  2344 | D        | Gained mutation: You sometimes lose the ability to read
                  | scrolls when taking damage. [a shining eye]
  2344 | D        | Gained mutation: You tend to lose your temper in combat. [a
                  | shining eye]
  2345 | D        | Paralysed by a floating eye for 3 turns
  2345 | D        | Gained mutation: You are frail. (-10% HP) [a shining eye]
  2346 | D        | Gained mutation: You do not regenerate when monsters are
                  | visible. [a shining eye]
  2346 | D        | Gained mutation: Armour fits poorly on your strangely
                  | shaped body. [a shining eye]
  2348 | D        | Gained mutation: You are weak. (Str -2) [a shining eye]
  2349 | D        | Gained mutation: You are clumsy. (Dex -2) [a shining eye]
  2351 | D        | Gained mutation: You are very weak. (Str -4) [a shining
                  | eye]
  2351 | D        | Gained mutation: Your magical capacity is low. (-10% MP) [a
                  | shining eye]
  2353 | D        | Paralysed by a floating eye for 2 turns
  2354 | D        | Gained mutation: Your body sometimes deteriorates upon
                  | taking damage. [a shining eye]
  2358 | D        | Received a gift from Trog
  2359 | D        | Reached skill level 15 in Dodging
  2360 | D        | Gained mutation: Your spells are a little easier to cast,
                  | but a little less powerful. [a shining eye]
  2361 | D        | Reached XP level 13. HP: 136/136 MP: 10/10
  2362 | D        | Gained mutation: Your body often deteriorates upon taking
                  | damage. [a shining eye]
  2363 | D        | Gained mutation: You are dopey. (Int -2) [a shining eye]
  2364 | D        | Paralysed by a floating eye for 3 turns
  2366 | D        | Gained mutation: You often lose your temper in combat. [a
                  | shining eye]
  2371 | D        | Lost mutation: Your body often deteriorates upon taking
                  | damage. [a shining eye]
  2372 | D        | Gained mutation: Your magical capacity is very low. (-20%
                  | MP) [a shining eye]
  2373 | D        | Gained mutation: Your body often deteriorates upon taking
                  | damage. [a shining eye]
  2373 | D        | Gained mutation: You have hidden genetic defects. [a
                  | shining eye]
  2374 | D        | Gained mutation: Your magical capacity is extremely low.
                  | (-30% MP) [a shining eye]
  2374 | D        | Lost mutation: Your magical capacity is extremely low.
                  | (-30% MP) [a shining eye]
  2375 | D        | Gained mutation: You occasionally shout uncontrollably at
                  | your foes. [a shining eye]
  2375 | D        | Gained mutation: You are very clumsy. (Dex -4) [a shining
                  | eye]
  2375 | D        | Gained mutation: Your magical capacity is extremely low.
                  | (-30% MP) [a shining eye]
  2376 | D        | Gained mutation: You have terrible hidden genetic defects.
                  | [a shining eye]
  2377 | D        | Received a gift from Trog
  2377 | D        | Gained mutation: You are very frail. (-20% HP) [a shining
                  | eye]
  2378 | D        | Gained mutation: You are very dopey. (Int -4) [a shining
                  | eye]
  2378 | D        | Gained mutation: Your spells are easier to cast, but less
                  | powerful. [a shining eye]
  2378 | D        | Gained mutation: You are extremely frail. (-30% HP) [a
                  | shining eye]
  2380 | D        | Gained mutation: You frequently scream uncontrollably at
                  | your foes. [a shining eye]
  2380 | D        | Gained mutation: You have an uncontrollable temper. [a
                  | shining eye]
  2381 | D        | Gained mutation: Potions cannot restore your health. [a
                  | shining eye]
  2382 | D        | Gained mutation: Your spells are much easier to cast, but
                  | much less powerful. [a shining eye]
  2391 | D        | Lost mutation: You have terrible hidden genetic defects. [a
                  | shining eye]
  2393 | D        | Gained mutation: You have terrible hidden genetic defects.
                  | [a shining eye]
  2401 | D        | Identified the +9 great sword of Impeachment {flame, Fly
                  | rN+} (Trog gifted it to you in the Dungeon)
  2401 | D        | Received a gift from Trog
  2402 | D        | Reached skill level 26 in Long Blades
  2467 | D        | Lost intelligence.
  2612 | D        | Noticed a purple draconian shifter
  2612 | D        | Noticed a hellephant
  2613 | D        | Noticed Sonja
  2628 | D        | Killed a hellephant
  2640 | D        | Killed a purple draconian shifter
  2640 | D        | Asphyxiated

Illustrated notes

Levels and vault maps discovered:
D:        the_violet_keep_of_menkaure [sprint2_stairs_cluster_1,
          sprint2_shoproom, sprint2_temple, sprint2_basic_supplies,
          sprint2_obstacle_4, sprint2_obstacle_7, sprint2_obstacle_6,
          sprint2_obstacle_1, sprint2_obstacle_3, sprint2_timed_cluster_1,
          sprint2_smallroom_cluster_1, sprint2_smallroom_final_cluster_1,
          sprint2_transparent_cluster_1, sprint2_second_timed_cluster_1,
          sprint2_sniper_area_1, sprint2_heavy_combat_area_1,
          sprint2_mutation_trap_area_1, sprint2_forest_area_1,
          sprint2_light_combat_area_1, sprint2_behind_water_1,
          sprint2_near_end_vault_1]

Skill      XL: |  1  2  3  4  5  6  7  8  9 10 11 12 13 |
---------------+----------------------------------------+-----
Fighting       | 7 8 10 12 13 15 17 19 22 24 25 | 25.9
Long Blades    | 7 9 11 12 14 16 18 20 23 25 26 | 26.3
Armour         | 4 5 6 7 8 9 |  9.4
Dodging        | 3 4 5 6 7 9 10 12 15 16 | 16.0
Stealth        | 1 2 3 4 |  4.8

Action                   |  1- 3 |  4- 6 |  7- 9 | 10-12 | 13-15 || total
-------------------------+-------+-------+-------+-------+-------++-------
Melee: Falchion          |     2 |    34 |    59 |       |       ||    95
       Headbutt          |     1 |     8 |    19 |    29 |     8 ||    65
       Punch             |       |       |     2 |       |       ||     2
       Double sword      |       |       |    19 |    12 |       ||    31
       Great sword       |       |       |       |   144 |    52 ||   196
Invok: Berserk           |     1 |     1 |     3 |    12 |     1 ||    18
  Use: Scroll            |       |       |       |     5 |       ||     5
       Potion            |       |       |       |     5 |       ||     5
Armor: Troll leather arm |       |       |    23 |    47 |     3 ||    73
Dodge: Dodged            |       |    13 |    59 |   103 |    11 ||   186
